[Event "*** Titled Tuesday Blitz"]
[Site "Chess.com"]
[Date "2020.10.27"]
[Round "4"]
[White "German_Bazeev"]
[Black "Dream2World_Number1"]
[Result "1-0"]
[WhiteElo "2769"]
[BlackElo "2072"]
[TimeControl "180+1"]
[EndTime "10:37:44 PDT"]
[Termination "German_Bazeev won by resignation"]

1. d4 Nf6 2. Nf3 e6 3. c4 b6 4.
Nc3 Bb7 5. Bg5 Be7 6. e3 Ne4 7. Bxe7 Qxe7 8. Qc2 f5 9. Bd3 Nxc3 10. Qxc3 O-O 11. O-O-O d6 12. Rhe1 Nd7 13. e4 fxe4 14. Bxe4 Bxe4 15. Rxe4 Rae8 16. Rde1 Qf6 17. Qe3 e5 18.
Qd2 Qf7 19. dxe5 Nxe5 20. Nxe5 Rxe5 21. f3 Rfe8 22. Qd5 Rxe4 23. Rxe4 Qxd5 24. Rxe8+ Kf7 25. cxd5 Kxe8 26. Kd2 Ke7 27. Kd3 Kf6 28. Ke4 g5 29. g4 h6 30. f4 Kg6 31. Kf3 Kf6 32. Kg3 Kg6 33. h4 Kf6 34. fxg5+ hxg5 35. hxg5+ Kxg5 36. Kf3 1-0

[Event "*** Titled Tuesday Blitz"]
[Site "Chess.com"]
[Date "2020.10.27"]
[Round "4"]
[White "Korchmar_Vasiliy"]
[Black "HouseOfDurin"]
[Result "1-0"]
[WhiteElo "2608"]
[BlackElo "2176"]
[TimeControl "180+1"]
[EndTime "10:37:46 PDT"]
[Termination "Korchmar_Vasiliy won by resignation"]

1. d4 Nf6 2. Nf3 c5 3. d5 b5 4. Bg5 Ne4 5. Bh4 h6 6. Nbd2 Qa5 7. c3 Nxd2 8. Qxd2 d6 9. e4 g5 10. Bg3 Bg7 11. h3 g4 12. hxg4 Bxg4 13. Be2 Nd7 14. Nh4 Bxe2 15. Qxe2 Bxc3+ 16. Kf1 Bf6 17. Nf5 h5 18. Bh4 Bxh4 19. Rxh4 O-O-O 20. Nxe7+ Kc7 21. Nc6 Qa4 22. Nxd8 Kxd8 23. Rxh5 Rxh5 24. Qxh5 Qxe4 25. Qxf7 Ne5 26. Qf6+ Kd7 27. Qe6+ Kc7 28. Qe7+ Nd7 29. Qxe4 1-0

[Event "*** Titled Tuesday Blitz"]
[Site "Chess.com"]
[Date "2020.10.27"]
[Round "4"]
[White "FloMaster111"]
[Black "PlotnikovPavel"]
[Result "1-0"]
[WhiteElo "2630"]
[BlackElo "2366"]
[TimeControl "180+1"]
[EndTime "10:37:46 PDT"]
[Termination "FloMaster111 won by resignation"]

1. e4 e6 2. c4 d5 3. exd5 exd5 4. cxd5 Nf6 5. Bb5+ Nbd7 6. Nc3 a6 7. Bc4 Nb6 8.
Bb3 Bb4 9. Qe2+ Qe7 10. Qxe7+ Bxe7 11. Nge2 O-O 12. O-O Bf5 13. d4 Rad8 14. Nf4 Bd6 15.
Re1 h6 16. Be3 g5 17. Nfe2 Bb4 18. a3 Bxc3 19. bxc3 Nbxd5 20. Ng3 Bg6 21. Bd2 c5 22. c4 Nf4 23. d5 Nd3 24. Re7 b6 25. Bc3 Rd6 26.
Bc2 Nd7 27. Nf1 Nf4 28. Bxg6 Nxg6 29. Ree1 f5 30. Ng3 f4 31. Ne4 Rff6 32. Bxf6 Rxf6 33. Nxf6+ Nxf6 34. Re6 1-0

[Event "*** Titled Tuesday Blitz"]
[Site "Chess.com"]
[Date "2020.10.27"]
[Round "4"]
[White "Supernotar"]
[Black "Semetey"]
[Result "1-0"]
[WhiteElo "2856"]
[BlackElo "2556"]
[TimeControl "180+1"]
[EndTime "10:37:47 PDT"]
[Termination "Supernotar won on time"]

1. d4 Nf6 2. c4 g6 3. Nc3 d5 4. cxd5 Nxd5 5. e4 Nxc3 6. bxc3 Bg7 7.
Be3 O-O 8. Nf3 c5 9. Qd2 Nc6 10. Rc1 Qc7 11. d5 Rd8 12. Be2 e6 13. O-O exd5 14.
exd5 Ne5 15. Nxe5 Bxe5 16. g3 c4 17. Rfd1 Be6 18. Bf3 Rd6 19. Bf4 Bxf4 20. Qxf4 Bf5 21. Rd4 Bd3 22. Re1 Rad8 23. h4 h5 24. g4 hxg4 25.
Bxg4 Qa5 26. Re7 Bf5 27. Bxf5 gxf5 28. Qxf5 Rg6+ 29. Kh2 Rf8 30. Rg4 Rxg4 31. Qxg4+ Kh7 32. Qh5+ Kg7 33. Qg5+ Kh7 34. Qf5+ Kg7 35. h5 Qxc3 36. Qg5+ Kh7 37. Qg6+ Kh8 38. Qh6+ Kg8 39. Re3 1-0

[Event "*** Titled Tuesday Blitz"]
[Site "Chess.com"]
[Date "2020.10.27"]
[Round "4"]
[White "KuzubovYuriy"]
[Black "Shahinyan_ChessMood"]
[Result "0-1"]
[WhiteElo "2888"]
[BlackElo "2776"]
[TimeControl "180+1"]
[EndTime "10:37:50 PDT"]
[Termination "Shahinyan_ChessMood won by resignation"]

1. d4 Nf6 2. c4 c5 3. d5 g6 4.
Nc3 Bg7 5. e4 d6 6. Bd3 O-O 7.
h3 e6 8. Nf3 exd5 9. exd5 Re8+ 10. Be3 a6 11. a4 Nbd7 12. O-O Nh5 13. Qd2 Ne5 14. Nxe5 Rxe5 15. Rfe1 Qh4 16. Bf1 Bd7 17. Kh2 Rae8 18. g3 Qe7 19. Bg2 Bh6 20. Nd1 Bxe3 21. Rxe3 f5 22. Rxe5 Qxe5 23. Ra3 f4 24. Bf3 fxg3+ 25.
Kg2 Nf4+ 26. Kxg3 Nxh3+ 27. Kg2 Nf4+ 28. Kg1 Qg5+ 29. Kh2 Qh4+ 30. Kg1 Re5 31. Bg2 Rg5 32. Rg3 Rxg3 33. fxg3 Qxg3 34. Ne3 Nxg2 35. Nxg2 Bh3 36. a5 Qxg2+ 37. Qxg2 Bxg2 38. Kxg2 Kf7 39. Kg3 Kf6 40. Kg4 h5+ 41. Kf4 g5+ 42. Ke4 h4 43. b4 cxb4 44.
c5 dxc5 0-1

[Event "*** Titled Tuesday Blitz"]
[Site "Chess.com"]
[Date "2020.10.27"]
[Round "4"]
[White "ChessAurochs"]
[Black "Gabix_94"]
[Result "1/2-1/2"]
[WhiteElo "2544"]
[BlackElo "2787"]
[TimeControl "180+1"]
[EndTime "10:37:51 PDT"]
[Termination "Game drawn by repetition"]

1. e4 c5 2. Nf3 e6 3. d4 cxd4 4. Nxd4 Nc6 5. Nc3 Qc7 6. a3 a6 7. Be3 b5 8. Nxc6 Qxc6 9. Be2 Bb7 10. O-O Rc8 11. Qd3 Bc5 12. Rad1 Bxe3 13. Qxe3 Ne7 14. f4 O-O 15. Bf3 d6 16. f5 Qc7 17. fxe6 fxe6 18.
Bg4 Rxf1+ 19. Rxf1 Qc4 20. b3 Qc7 21. Bxe6+ Kh8 22.
Bxc8 Qxc8 23. Qd4 Ng8 24. h3 h6 25. Rf7 Nf6 26. e5 dxe5 27. Qxe5 Qc6 28. Qg3 Nh5 29. Qg4 Qc5+ 30. Kh2 Qe5+ 31. Kg1 Qc5+ 32. Kh2 Qe5+ 33. Kg1 Qc5+ 1/2-1/2

[Event "*** Titled Tuesday Blitz"]
[Site "Chess.com"]
[Date "2020.10.27"]
[Round "4"]
[White "lelya96"]
[Black "BlackBoarder"]
[Result "1-0"]
[WhiteElo "2208"]
[BlackElo "2594"]
[TimeControl "180+1"]
[EndTime "10:37:52 PDT"]
[Termination "lelya96 won by resignation"]

1. e4 e6 2. d4 d5 3. Nc3 Bb4 4. Ne2 dxe4 5. a3 Be7 6. Nxe4 Nf6 7. N2c3 O-O 8. g3 Nc6 9. Be3 Nxe4 10. Nxe4 f5 11.
Nc3 Bf6 12. Ne2 e5 13. dxe5 Nxe5 14. Bg2 Nc4 15. Bd5+ Kh8 16. Bxc4 Bxb2 17. Rb1 Bxa3 18. Qxd8 Rxd8 19. O-O b6 20. Bg5 Re8 21. Bd5 Rb8 22.
Nd4 h6 23. Bf4 Ba6 24. c4 Bd6 25. Bxd6 cxd6 26. Nc6 Rbc8 27. Nxa7 Rc7 28. Nb5 Rc5 29.
Nxd6 Rd8 30. Rxb6 Ra5 31. Nf7+ 1-0

[Event "*** Titled Tuesday Blitz"]
[Site "Chess.com"]
[Date "2020.10.27"]
[Round "4"]
[White "GukeshDommaraju"]
[Black "GothamChess"]
[Result "1-0"]
[WhiteElo "2831"]
[BlackElo "2612"]
[TimeControl "180+1"]
[EndTime "10:37:54 PDT"]
[Termination "GukeshDommaraju won by resignation"]

1. c4 b6 2. Nc3 Bb7 3. e4 e6 4. a3 g6 5. d4 Bg7 6. Nf3 Ne7 7. g3 O-O 8. Bg2 d6 9. O-O e5 10. d5 h6 11. Ne1 f5 12. f3 f4 13. Nd3 fxg3 14. hxg3 a5 15. Be3 Nd7 16. Qd2 g5 17. b4 Ba6 18. Nb5 Ng6 19. Bh3 Bc8 20. c5 axb4 21.
cxd6 cxd6 22. Nxd6 bxa3 23. Nb4 Ba6 24. Nxa6 Rxa6 25.
Qd3 Nb8 26. Be6+ Kh7 27. Nf5 a2 28. Rfc1 Ne7 29. d6 Nec6 30. Rxc6 Nxc6 31. Qxa6 Nb4 32.
Qc4 1-0

[Event "*** Titled Tuesday Blitz"]
[Site "Chess.com"]
[Date "2020.10.27"]
[Round "4"]
[White "canary2016"]
[Black "Andrakhanova"]
[Result "0-1"]
[WhiteElo "1956"]
[BlackElo "2246"]
[TimeControl "180+1"]
[EndTime "10:37:54 PDT"]
[Termination "Andrakhanova won by checkmate"]

1. d4 d5 2. c4 e6 3. Nf3 c6 4. g3 dxc4 5. Bg2 Nd7 6. O-O b5 7.
Qc2 Bb7 8. a4 a6 9. Nc3 Ngf6 10.
Rd1 Be7 11. Ne5 Nxe5 12. dxe5 Nd7 13. axb5 axb5 14. Bf4 Rxa1 15. Rxa1 Qc7 16. Ra7 Qb6 17. Be3 Bc5 18. Bxc5 Nxc5 19. Ra1 O-O 20. Ne4 Nxe4 21. Bxe4 g6 22. Rd1 Rd8 23. Rd6 Rxd6 24. exd6 Qd4 25. e3 Qxd6 26. b3 cxb3 27. Qxb3 f5 28. Bb1 b4 29. Qa4 Kf7 30. Ba2 c5 31. Qa7 Qc6 32.
Kf1 b3 33. Bb1 c4 34. h4 c3 35. Ke2 c2 36. Bxc2 bxc2 37. Qd4 c1=Q 38. Qd8 Qf3+ 39. Kd3 Qcd1+ 40. Kc3 Qxd8 41. Kb2 Qc6 42. Ka2 Qdb6 43.
Ka1 Qa4# 0-1

[Event "*** Titled Tuesday Blitz"]
[Site "Chess.com"]
[Date "2020.10.27"]
[Round "4"]
[White "Deepweb2020"]
[Black "Oligan22"]
[Result "0-1"]
[WhiteElo "2227"]
[BlackElo "2425"]
[TimeControl "180+1"]
[EndTime "10:37:55 PDT"]
[Termination "Oligan22 won by resignation"]

1. d4 Nf6 2. c4 e6 3. g3 d5 4. Bg2 Be7 5. Nf3 O-O 6. O-O dxc4 7. Qc2 b5 8. a4 b4 9. Nfd2 c6 10.
Nxc4 Qxd4 11. Be3 Qg4 12. Ne5 Qh5 13. Nxc6 Nxc6 14. Qxc6 Bd7 15. Qf3 Qxf3 16. Bxf3 Nd5 17. Bxd5 exd5 18. Rc1 Rfc8 19. Nd2 Rxc1+ 20. Rxc1 Bxa4 21. Rc7 Bf6 22. b3 Bb5 23. Rb7 Bxe2 24. Rxb4 g5 25. Rb7 d4 26. Ne4 dxe3 27. Nxf6+ Kg7 28. Ne4 Bf3 29. Nxg5 Bxb7 0-1

[Event "*** Titled Tuesday Blitz"]
[Site "Chess.com"]
[Date "2020.10.27"]
[Round "4"]
[White "vanyakuba"]
[Black "ferdipy"]
[Result "1-0"]
[WhiteElo "2499"]
[BlackElo "2314"]
[TimeControl "180+1"]
[EndTime "10:37:56 PDT"]
[Termination "vanyakuba won by checkmate"]

1. e4 e6 2. d4 d5 3. exd5 exd5 4. Nf3 c6 5. c4 Bd6 6. Nc3 dxc4 7. Bxc4 Kf8 8. O-O g6 9. Bg5 f6 10. Bh4 Kg7 11. Re1 Bg4 12. h3 Bf5 13. g4 Bd7 14.
Ne5 Ne7 15. Nf7 Qc7 16. Nxd6 Qxd6 17. Bg3 Qb4 18. a3 Qxc4 19. Rxe7+ Kg8 20. Qf3 f5 21. Rae1 Kf8 22. Bd6 Kg8 23. Qe3 h5 24. Qe5 Rh7 25. Re8+ Kf7 26. Qe7# 1-0

[Event "*** Titled Tuesday Blitz"]
[Site "Chess.com"]
[Date "2020.10.27"]
[Round "4"]
[White "Inga83"]
[Black "kamilianin235"]
[Result "1-0"]
[WhiteElo "2406"]
[BlackElo "2122"]
[TimeControl "180+1"]
[EndTime "10:37:59 PDT"]
[Termination "Inga83 won on time"]

1. d4 d5 2. c4 dxc4 3. Nc3 c5 4.
d5 e6 5. e4 Nf6 6. Bxc4 exd5 7.
exd5 Bd6 8. Nf3 O-O 9. O-O a6 10. a4 Qc7 11. h3 Nbd7 12. Bg5 Ne5 13. Nxe5 Bxe5 14. f4 Bd4+ 15. Kh1 Bf5 16. Qf3 Rae8 17. Rae1 Bxc3 18. bxc3 Ne4 19. Rd1 Qd6 20. Bh4 Qg6 21. a5 Nd6 22. Bd3 Bxd3 23. Rxd3 Re4 24. f5 Nxf5 25. Qxf5 Rxh4 26. d6 Qxf5 27. Rxf5 Re4 28. Rxc5 Rd8 29. Rc7 Re6 30. d7 1-0

[Event "*** Titled Tuesday Blitz"]
[Site "Chess.com"]
[Date "2020.10.27"]
[Round "4"]
[White "maximnovik"]
[Black "Margency"]
[Result "1-0"]
[WhiteElo "2509"]
[BlackElo "2663"]
[TimeControl "180+1"]
[EndTime "10:38:00 PDT"]
[Termination "maximnovik won by checkmate"]

1. d4 d5 2. c4 e6 3. Nc3 Nf6 4. cxd5 Nxd5 5. e4 Nxc3 6. bxc3 c5 7. Rb1 cxd4 8. cxd4 e5 9. Nf3 exd4 10. Qxd4 Qxd4 11. Nxd4 a6 12. Be3 Be7 13. f3 O-O 14. Kf2 g6 15. Bc4 Nd7 16. Bd5 Rb8 17. Rhc1 Nf6 18. Bb3 Ba3 19. Rc2 Bd7 20. e5 Nh5 21. e6 fxe6 22.
Nxe6 Bxe6 23. Bxe6+ Kg7 24. Rc7+ Kf6 25. Bb3 Bd6 26. Rxh7 Nf4 27. Rd1 Be5 28. g3 Ne6 29.
f4 Bc3 30. Rd6 Rfe8 31. Rdd7 Rf8 32. h4 b5 33. g4 Rbe8 34. Kf3 a5 35. g5+ Kf5 36.
Bc2# 1-0

[Event "*** Titled Tuesday Blitz"]
[Site "Chess.com"]
[Date "2020.10.27"]
[Round "4"]
[White "chesstrainer2042"]
[Black "MarkoPe"]
[Result "1-0"]
[WhiteElo "2418"]
[BlackElo "2187"]
[TimeControl "180+1"]
[EndTime "10:38:01 PDT"]
[Termination "chesstrainer2042 won on time"]

1. d4 d5 2. Nf3 Nf6 3. c4 e6 4. Nc3 Be7 5. Bg5 O-O 6. e3 h6 7.
Bh4 Ne4 8. Bxe7 Qxe7 9. Qc2 Nxc3 10. Qxc3 b6 11. Rc1 c6 12. Be2 Bb7 13. O-O Nd7 14. Rfd1 Rac8 15. a3 c5 16. h3 Rfd8 17. cxd5 Bxd5 18.
Ba6 Rc7 19. Ne1 Nb8 20. Bf1 Rdc8 21. Nd3 cxd4 22. Qxd4 Rxc1 23. Rxc1 Rxc1 24. Nxc1 Nc6 25. Qc3 e5 26. Nd3 f6 27. b4 Qd6 28. b5 Ne7 29.
Nb4 Bb7 30. Bc4+ Kh8 31. Qc2 Qc5 32. Qd3 Qc7 33. Ba2 g6 34. Qb3 g5 35. Qf7 Qd6 36. Nc6 Bxc6 37. bxc6 1-0

[Event "*** Titled Tuesday Blitz"]
[Site "Chess.com"]
[Date "2020.10.27"]
[Round "4"]
[White "saraswathii"]
[Black "Vanina1989"]
[Result "0-1"]
[WhiteElo "2394"]
[BlackElo "2639"]
[TimeControl "180+1"]
[EndTime "10:38:03 PDT"]
[Termination "Vanina1989 won by resignation"]

1. e4 c6 2. d3 d5 3. Nd2 Nd7 4. Ngf3 e6 5. g3 Bc5 6. Bg2 Ne7 7. O-O a5 8. a4 O-O 9. c3 Bb6 10. e5 f6 11. exf6 Nxf6 12. h3 Qd6 13. d4 c5 14. Nb3 cxd4 15. Nbxd4 Ne4 16. Be3 Bd7 17. Ng5 Nxg5 18. Bxg5 Ng6 19. Re1 Rae8 20. Be3 Bd8 21. Qb3 b6 22. Rad1 Kh8 23. Nb5 Bxb5 24. Qxb5 Qc7 25.
Rc1 Qf7 26. Re2 Ne5 27. Bxb6 Bxb6 28. Qxb6 Nd3 29. Rcc2 e5 30. Qxa5 e4 31. c4 dxc4 32.
Qc3 e3 33. Rxe3 Rxe3 34. fxe3 Qg6 35. Qxc4 Ne5 36. Qc5 Re8 37. Rf2 Nd7 38. Qc6 Nf6 39. e4 h5 40. Kh2 Ng4+ 0-1

[Event "*** Titled Tuesday Blitz"]
[Site "Chess.com"]
[Date "2020.10.27"]
[Round "4"]
[White "Mr_Sinigami"]
[Black "MarkEvgenievich"]
[Result "1-0"]
[WhiteElo "2477"]
[BlackElo "2312"]
[TimeControl "180+1"]
[EndTime "10:38:03 PDT"]
[Termination "Mr_Sinigami won by checkmate"]

1. d4 Nf6 2. Nf3 e6 3. g3 d5 4. Bg2 Be7 5. O-O O-O 6. c4 c6 7.
Qc2 Ne4 8. Nc3 f5 9. b3 Nd7 10. Bb2 b6 11. Ne1 Bb7 12. Nd3 c5 13. cxd5 exd5 14.
Nf4 Nxc3 15. Bxc3 cxd4 16. Bxd4 Rc8 17. Qb2 Rf7 18. Ne6 Qe8 19. Nxg7 Qf8 20. Ne6 Qe8 21. Nf4 Nf6 22. Rac1 Rxc1 23. Rxc1 Qd7 24. Bf3 Rf8 25. Nh5 Nxh5 26. Bxh5 f4 27. Bf3 fxg3 28. hxg3 Bd6 29. Qd2 Qe7 30. Qh6 Rf5 31. Bg4 Qg5 32. Qxd6 Qxc1+ 33. Kg2 Rf7 34. Qd8+ Rf8 35. Be6# 1-0

[Event "*** Titled Tuesday Blitz"]
[Site "Chess.com"]
[Date "2020.10.27"]
[Round "4"]
[White "chenxiaoyuer"]
[Black "Gloomy_Wanderer"]
[Result "0-1"]
[WhiteElo "2511"]
[BlackElo "2710"]
[TimeControl "180+1"]
[EndTime "10:38:04 PDT"]
[Termination "Gloomy_Wanderer won on time"]

1. e4 c5 2. Nf3 a6 3. g3 b5 4. Bg2 Bb7 5. d3 e6 6. O-O Be7 7. Nbd2 d6 8. Re1 Nf6 9. Nf1 Nc6 10. c3 d5 11. Qe2 c4 12. exd5 cxd3 13. Qxd3 Qxd5 14. Qe2 O-O 15. Bf4 Rfd8 16. Red1 Qh5 17. Bc7 Rdc8 18. Bf4 Nd5 19. Bd2 Rd8 20. Ne3 Nf6 21.
Nc2 Ng4 22. h3 Nge5 23. g4 Nxf3+ 24. Bxf3 Qxh3 25. Bf4 Na5 0-1

[Event "*** Titled Tuesday Blitz"]
[Site "Chess.com"]
[Date "2020.10.27"]
[Round "4"]
[White "Keures"]
[Black "akanga001"]
[Result "1-0"]
[WhiteElo "2232"]
[BlackElo "1889"]
[TimeControl "180+1"]
[EndTime "10:38:06 PDT"]
[Termination "Keures won on time"]

1. d4 d5 2. c4 e6 3. Nc3 Nf6 4.
Bg5 Be7 5. Qc2 h6 6. Bh4 O-O 7.
e3 c6 8. Nf3 Nbd7 9. cxd5 exd5 10. Bd3 Re8 11. O-O Nf8 12. Rab1 a5 13. a3 Bg4 14. Ne5 Be6 15. b4 axb4 16. axb4 N6d7 17. Bxe7 Qxe7 18. Na4 Nxe5 19. dxe5 f6 20. exf6 Qxf6 21. Nc5 Bc8 22. b5 Qg5 23. Rfc1 b6 24. Na4 cxb5 25. Nxb6 Bh3 26. Bf1 Rab8 27. Rxb5 Bf5 28. Bd3 Bxd3 29. Qxd3 Qf6 30. Nxd5 Qa6 31. Rb3 Qxd3 32.
Rxd3 Red8 33. Rcd1 Kh7 34. h3 Rdc8 35. Nf4 Rc2 36.
R3d2 1-0

[Event "*** Titled Tuesday Blitz"]
[Site "Chess.com"]
[Date "2020.10.27"]
[Round "4"]
[White "Michaelson_11"]
[Black "mamey78"]
[Result "1-0"]
[WhiteElo "2135"]
[BlackElo "2384"]
[TimeControl "180+1"]
[EndTime "10:38:08 PDT"]
[Termination "Michaelson_11 won on time"]

1. e4 e5 2. Nf3 Nc6 3. Nc3 Nf6 4. Bb5 Nd4 5. Bc4 Bc5 6. d3 d6 7. Bg5 c6 8. Nxd4 Bxd4 9. Qd2 h6 10. Be3 O-O 11.
O-O-O d5 12. exd5 cxd5 13. Bb3 a5 14. a4 Bxc3 15. bxc3 Qd6 16. Bxh6 gxh6 17. Qxh6 b5 18. d4 e4 19. Rde1 Bf5 20. Qg5+ Bg6 21. h4 bxa4 22.
h5 Nxh5 23. Rxh5 axb3 24. Reh1 1-0

[Event "*** Titled Tuesday Blitz"]
[Site "Chess.com"]
[Date "2020.10.27"]
[Round "4"]
[White "Flawless_Fighter"]
[Black "crescentmoon2411"]
[Result "0-1"]
[WhiteElo "2607"]
[BlackElo "2845"]
[TimeControl "180+1"]
[EndTime "10:38:09 PDT"]
[Termination "crescentmoon2411 won by checkmate"]

1. d4 Nf6 2. c4 c5 3. d5 e6 4. Nc3 exd5 5. cxd5 d6 6. e4 g6 7. Bd3 Bg7 8. Nge2 O-O 9. Ng3 a6 10.
a4 h5 11. Bg5 Qb6 12. Qd2 Nh7 13. Be3 h4 14. Nge2 h3 15. g3 Nd7 16. f4 Ndf6 17.
Qc2 Ng4 18. Bg1 Qb4 19. Nc1 f5 20. a5 Bd7 21. Be2 Rae8 22. Bxg4 fxg4 23. Be3 Rxe4 24. Kf2 Rxe3 25. Kxe3 Bf5 26. Qa4 Qxb2 27. N1e2 Bd4+ 28. Qxd4 cxd4+ 29. Kxd4 Qd2+ 30. Kc4 Rc8+ 31. Kb3 Qc2+ 32. Kb4 Qb2+ 33. Ka4 Bc2# 0-1

[Event "*** Titled Tuesday Blitz"]
[Site "Chess.com"]
[Date "2020.10.27"]
[Round "4"]
[White "sokidze"]
[Black "mapleaff"]
[Result "0-1"]
[WhiteElo "2620"]
[BlackElo "2405"]
[TimeControl "180+1"]
[EndTime "10:38:09 PDT"]
[Termination "mapleaff won by resignation"]

1. d4 Nf6 2. g3 e6 3. Bg2 d5 4. Nf3 Be7 5. c4 O-O 6. O-O dxc4 7. Qa4 a6 8. Qxc4 b5 9. Qc2 Bb7 10. Bd2 Be4 11. Qc1 Bb7 12. Rd1 Nbd7 13. Ba5 Bd6 14. Nbd2 Rc8 15. Qc2 Qe7 16. e4 e5 17.
dxe5 Nxe5 18. Nd4 g6 19. f4 Bc5 20. Nb3 Nc4 21. Nxc5 Qxc5 22. Kh1 Qh5 23. Bd2 Ng4 24. Nf3 Nf2+ 25. Kg1 Bxe4 26. Qc3 Nxd1 27. Rxd1 Rcd8 28. Re1 Rd3 29. Qf6 Bxf3 30. Bc3 Rxc3 31. Qxc3 Bxg2 32. Kxg2 Qd5+ 33. Kg1 Rd8 34. b3 Nd2 35. Rc1 Nf3+ 36. Kf2 Nxh2 37. Qe5 Ng4+ 0-1

[Event "*** Titled Tuesday Blitz"]
[Site "Chess.com"]
[Date "2020.10.27"]
[Round "4"]
[White "GrafLermontov"]
[Black "Sueetin"]
[Result "1-0"]
[WhiteElo "2485"]
[BlackElo "2330"]
[TimeControl "180+1"]
[EndTime "10:38:09 PDT"]
[Termination "GrafLermontov won on time"]

1. d4 Nf6 2. c4 e6 3. Nf3 d5 4.
Nc3 Bb4 5. cxd5 exd5 6. Bg5 Nbd7 7. e3 c5 8. Bd3 Qa5 9. O-O c4 10. Bf5 O-O 11. Qc2 Qa6 12. Ne5 Nxe5 13. Bxc8 Bxc3 14. Bxf6 Nf3+ 15. gxf3 Qxf6 16. Bxb7 Qxf3 17. Bxd5 Qxd5 18.
bxc3 f5 19. f3 Rae8 20. Kf2 Qd6 21. f4 Qh6 22. Qe2 Qxh2+ 23. Ke1 Qg3+ 24. Kd2 Rb8 25. Rab1 Qg6 26. Qxc4+ Kh8 27. Qe2 1-0

[Event "*** Titled Tuesday Blitz"]
[Site "Chess.com"]
[Date "2020.10.27"]
[Round "4"]
[White "bazar-wokzal"]
[Black "Benjoneliere44"]
[Result "0-1"]
[WhiteElo "2489"]
[BlackElo "2672"]
[TimeControl "180+1"]
[EndTime "10:38:10 PDT"]
[Termination "Benjoneliere44 won on time"]

1. e4 c5 2. c3 d6 3. d4 Nf6 4.
Bd3 Nc6 5. Ne2 e5 6. O-O cxd4 7. cxd4 Be7 8. d5 Nb8 9. Nbc3 O-O 10. h3 Nbd7 11. Be3 h6 12. Rc1 a6 13. b4 Nh7 14.
g3 Bg5 15. f4 exf4 16. gxf4 Bh4 17. Nd4 Ndf6 18. Qf3 Re8 19. Kh1 Bd7 20. Rg1 Kh8 21.
Rc2 Rc8 22. Qg2 g6 23. Nf3 Nh5 24. Nxh4 Qxh4 25. Bd4+ Kg8 26. f5 Nf4 27. fxg6 fxg6 28. Qxg6+ Nxg6 29. Rxg6+ Kf8 30. Rf2+ Qxf2 31. Bxf2 Rxc3 32.
Bf1 Rf3 33. Kg2 Rf7 34. Rxd6 Ng5 35. Rxh6 Rxe4 36. Bc5+ Kg7 37. Rh5 Kg6 38. Rh8 Bxh3+ 39. Rxh3 Nxh3 40. Bd3 Ng5 41. b5 axb5 42. Bxb5 Rf5 0-1

[Event "*** Titled Tuesday Blitz"]
[Site "Chess.com"]
[Date "2020.10.27"]
[Round "4"]
[White "renehp"]
[Black "VladaSviridova"]
[Result "1-0"]
[WhiteElo "2460"]
[BlackElo "2278"]
[TimeControl "180+1"]
[EndTime "10:38:10 PDT"]
[Termination "renehp won by checkmate"]

1. e4 e6 2. d4 d5 3. Nc3 Bb4 4.
e5 c5 5. a3 Bxc3+ 6. bxc3 Ne7 7. Qg4 O-O 8. Bd3 Nbc6 9. Bg5 Qa5 10. Ne2 Ng6 11. O-O Qa4 12. h4 Ncxe5 13. Qg3 Nxd3 14. cxd3 cxd4 15. cxd4 f6 16. h5 Ne7 17. Bf4 Nf5 18. Qf3 Nxd4 19. Nxd4 Qxd4 20. Rac1 e5 21. Be3 Qxd3 22. Rc7 Be6 23. Rfc1 Rac8 24. h6 Rxc7 25.
Rxc7 Rf7 26. Rxf7 Kxf7 27. hxg7 Qb1+ 28. Kh2 Kxg7 29. Bxa7 d4 30. a4 d3 31. Be3 Qb4 32.
a5 Bg4 33. Qd5 Kg6 34. Qxd3+ Bf5 35. Qd5 Be4 36. Qg8+ Kf5 37. g4# 1-0

[Event "*** Titled Tuesday Blitz"]
[Site "Chess.com"]
[Date "2020.10.27"]
[Round "4"]
[White "szefru"]
[Black "Omk124"]
[Result "1-0"]
[WhiteElo "2263"]
[BlackElo "2417"]
[TimeControl "180+1"]
[EndTime "10:38:10 PDT"]
[Termination "szefru won by resignation"]

1. e4 g6 2. d4 Bg7 3. Be3 c6 4. Nc3 d5 5. f3 Qb6 6. Na4 Qa5+ 7. c3 dxe4 8. fxe4 Nf6 9. Bd3 Ng4 10. Bd2 e5 11. c4 Qxa4 12. Qxa4 exd4 13. Nf3 O-O 14.
O-O-O Nf2 15. h4 Nxd3+ 16. Kb1 Nf2 17. h5 Nxd1 18. Qxd1 Bg4 19. hxg6 fxg6 20. Bh6 c5 21. Qd2 Rf7 22. Bxg7 Bxf3 23. gxf3 Rxg7 24. Qg5 Nd7 25. Qd5+ Kh8 26. Qxb7 Rf8 27. e5 Nxe5 28. Qd5 Nxf3 29. Qxc5 d3 30. Qxf8+ Rg8 31. Qf6+ Rg7 32. Qxf3 1-0

[Event "*** Titled Tuesday Blitz"]
[Site "Chess.com"]
[Date "2020.10.27"]
[Round "4"]
[White "brunomorado"]
[Black "kinga2008"]
[Result "1-0"]
[WhiteElo "2406"]
[BlackElo "2120"]
[TimeControl "180+1"]
[EndTime "10:38:10 PDT"]
[Termination "brunomorado won by resignation"]

1. d4 c5 2. Nc3 cxd4 3. Qxd4 Nf6 4. Bg5 Nc6 5. Qa4 d5 6. O-O-O e6 7. e4 d4 8. Nf3 Bc5 9. e5 h6 10.
exf6 hxg5 11. fxg7 Rg8 12. Ne4 Bb6 13. Ne5 Bd7 14. Nxd7 Kxd7 15. Bb5 Kc7 16. h4 Rxg7 17. h5 Qd5 18. h6 Rg6 19. h7 Rh8 20. f3 f5 21. Nc3 Qd7 22. Qc4 a6 23. Ba4 Kb8 24. Ne2 e5 25. c3 Rxh7 26. Bxc6 Rxc6 27. Qg8+ Ka7 28. Rxh7 Qe6 29. Qxe6 Rxe6 30. cxd4 exd4 31. Nxd4 Rd6 32. Nb5+ 1-0

[Event "*** Titled Tuesday Blitz"]
[Site "Chess.com"]
[Date "2020.10.27"]
[Round "4"]
[White "Kotofeyca"]
[Black "TheMagnet"]
[Result "0-1"]
[WhiteElo "2350"]
[BlackElo "2577"]
[TimeControl "180+1"]
[EndTime "10:38:11 PDT"]
[Termination "TheMagnet won on time"]

1. d4 Nf6 2. c4 g6 3. f3 Bg7 4. e4 d6 5. Nc3 O-O 6. Be3 c5 7. dxc5 dxc5 8. Qxd8 Rxd8 9. Bxc5 Nc6 10. Nd5 e6 11. Ne7+ Nxe7 12. Bxe7 Rd7 13. Ba3 b6 14. Ne2 Ba6 15. Rc1 Rc8 16. b3 Rdc7 17. Nc3 Nd7 18. Be2 b5 19. Kf2 Bd4+ 20. Kg3 bxc4 21. Rhd1 Be3 22.
Rb1 Nb6 23. Bd6 Rd7 24. Bf4 Bxf4+ 25. Kxf4 Rxd1 26. Nxd1 Rc5 27. Ne3 e5+ 28. Kg5 Kg7 29. Rc1 cxb3 30. Rxc5 b2 31. Bxa6 b1=Q 32. Rxe5 Qc1 33.
Kf4 Qc7 0-1

[Event "*** Titled Tuesday Blitz"]
[Site "Chess.com"]
[Date "2020.10.27"]
[Round "4"]
[White "Shubinkirill2003"]
[Black "Anton_Demchenko"]
[Result "0-1"]
[WhiteElo "2670"]
[BlackElo "2852"]
[TimeControl "180+1"]
[EndTime "10:38:13 PDT"]
[Termination "Anton_Demchenko won by resignation"]

1. e4 e5 2. Nf3 Nc6 3. Bb5 a6 4. Ba4 d6 5. c3 Bd7 6. d4 g6 7. O-O Bg7 8. d5 Nce7 9. c4 b5 10. cxb5 axb5 11. Bc2 f5 12. Ng5 Nf6 13. b4 h6 14. Ne6 Bxe6 15. dxe6 fxe4 16. Nc3 d5 17. Nxb5 O-O 18. Nc3 Qd6 19. b5 Qxe6 20. a4 Kh7 21. Ba3 Rfd8 22. Bb4 Nf5 23. a5 Nd4 24. Ba4 Nh5 25. Ne2 Nf4 26. Nxd4 exd4 27. Rc1 Be5 28. Rc6 Qf5 29. Bb3 d3 30. Re1 Nh3+ 31.
gxh3 Qxh3 32. f4 Bxf4 33. Re2 dxe2 34. Qxe2 Qxb3 0-1

[Event "*** Titled Tuesday Blitz"]
[Site "Chess.com"]
[Date "2020.10.27"]
[Round "4"]
[White "shnitez"]
[Black "HrvojeZagreb"]
[Result "1-0"]
[WhiteElo "2431"]
[BlackElo "2234"]
[TimeControl "180+1"]
[EndTime "10:38:13 PDT"]
[Termination "shnitez won by resignation"]

1. c4 f5 2. Nc3 Nf6 3. g3 e5 4. Bg2 d6 5. d3 Be7 6. Nf3 O-O 7. O-O Qe8 8. b4 a5 9. b5 Nbd7 10. a4 Nc5 11. Ba3 Nfd7 12. e3 Qh5 13. d4 e4 14.
dxc5 exf3 15. Bxf3 Qh6 16. cxd6 Bxd6 17. c5 Be5 18. c6 Nb6 19. cxb7 Bxb7 20. Bxb7 Rad8 21. Qb3+ Kh8 22. Bxf8 Rxf8 23. Rad1 Bd6 24. Bg2 Qg5 25. Nd5 Nd7 26. Nxc7 Nc5 27. Qc4 Bxc7 28. Qxc5 Rc8 1-0